 Dungeon Crawl Stone Soup version 0.21.1-1-g345015f (webtiles) character file.

236 Iko the Skirmisher (level 5, -2/53 HPs)
             Began as a Troll Fighter on June 10, 2018.
             Slain by Menkaure (20 damage)
             ... on level 4 of the Dungeon.
             The game lasted 00:07:34 (724 turns).

Iko the Skirmisher (Troll Fighter)                   Turns: 724, Time: 00:07:34

Health: -2/53      AC:  5    Str: 24    XL:     5   Next: 77%
Magic:  4/4        EV:  8    Int:  5    God:
Gold:   21         SH:  9    Dex:  9    Spells: 4/4 levels left

rFire    . . .     SeeInvis .   g - +4 flail
rCold    . . .     Gourm    +   c - +0 shield
rNeg     . . .     Faith    .   b - +0 robe
rPois    .         Spirit   .   (helmet restricted)
rElec    .         Reflect  .   (no cloak)
rCorr    .         Harm     .   (gloves unavailable)
MR       .....                  (boots unavailable)
Stlth    +.........             (no amulet)
HPRegen  0.57/turn              (no ring)
MPRegen  0.09/turn              (no ring)

@: no status effects
A: large, unfitting armour, claws 3, fast metabolism 3, gourmand, regeneration
1, shaggy fur 1, tough skin 2
a: no special abilities


You were on level 4 of the Dungeon.
You were not hungry.

You visited 1 branch of the dungeon, and saw 4 of its levels.

You collected 21 gold pieces.

Inventory:

Hand Weapons
 g - a +4 flail (weapon)
Armour
 b - a +0 robe (worn)
 c - a +0 shield (worn)
Potions
 d - a potion of might
Comestibles
 f - 2 rations


   Skills:
 + Level 3.3 Fighting
 + Level 1.5 Maces & Flails
   Level 2.0 Polearms
 + Level 1.5 Throwing
 + Level 3.1 Dodging
 + Level 0.5 Stealth
 + Level 3.2 Shields


You had 4 spell levels left.
You didn't know any spells.

Dungeon Overview and Level Annotations

Branches:
Dungeon (4/15)
 Temple: D:4-7

Altars:
Trog

Annotations:
D:4 Menkaure


Innate Abilities, Weirdness & Mutations

You are too large for most types of armour.
You have claws for hands.
Your metabolism is lightning-fast.
You like to eat raw meat.
Your natural rate of healing is unusually fast.
You are covered in fur. (AC +1)
You have very tough skin. (AC +2)


Message History

Okay, then.
You swing at nothing.
You block Menkaure's attack.
You hit Menkaure.
Menkaure is moderately damaged.
Menkaure points at you and mumbles some strange words.
Pain shoots through your body!
You hit Menkaure.
Menkaure is severely damaged.
Menkaure gestures at you while chanting.
Pain shoots through your body! Menkaure casts a spell at you.
Pain shoots through your body!
You hit Menkaure.
Menkaure is severely damaged.
Menkaure calls on the powers of darkness!
Your body is wracked with pain!
Menkaure hits you but does no damage.
You completely miss Menkaure.
Menkaure is severely damaged.
Menkaure hits you!!
You die...

#..... .....? #.##.# .
#....# #....# #. ....#
#.#### #. ...# #.#### #
.. ..# #########.....
#..#.##.#
#.......#.####
#.....(.#####.#####.#.#
#...(M@.##.......#.#
####.##.##.##......#
#.##.##.##.##.###
..##.......##.#
########.......#
#.#####.# #..<....#
#########


You could see Menkaure.

Vanquished Creatures
  A phantom (D:4)
  3 orc wizards
  A worker ant (D:4)
  2 worms
  A dart slug (D:2)
  11 orcs
  A ball python (D:2)
  A giant cockroach (D:2)
  A goblin (D:2)
  2 hobgoblins (D:3)
  A quokka (D:2)
  6 kobolds
  3 rats
34 creatures vanquished.

Notes
Turn   | Place    | Note
-------+----------+-------------------------------------------
     0 | D:1      | Iko the Troll Fighter began the quest for the Orb.
     0 | D:1      | Reached XP level 1. HP: 22/22 MP: 0/0
    36 | D:1      | You fall through a shaft!
   101 | D:2      | Reached XP level 2. HP: 20/29 MP: 1/1
   233 | D:2      | Found a bloodstained altar of Trog.
   404 | D:3      | Reached XP level 3. HP: 31/36 MP: 2/2
   516 | D:3      | Reached XP level 4. HP: 29/44 MP: 3/3
   547 | D:4      | Noticed a phantom
   567 | D:4      | Killed a phantom
   567 | D:4      | Reached skill level 1 in Throwing
   567 | D:4      | Reached XP level 5. HP: 32/53 MP: 4/4
   586 | D:4      | Paralysed by fainting for 8 turns
   632 | D:4      | Reached skill level 1 in Maces & Flails
   712 | D:4      | Noticed Menkaure
   724 | D:4      | Slain by Menkaure

Skill      XL: |  1  2  3  4  5 |
---------------+----------------+-----
Polearms       | 2 |  2.0
Fighting       | 3 |  3.3
Throwing       | 1 |  1.5
Shields        | 3 |  3.2
Maces & Flails | 1 |  1.5
Dodging        | 3 |  3.1
Stealth        | |  0.5

Action                   |  1- 3 |  4- 6 || total
-------------------------+-------+-------++-------
Melee: Trident           |    65 |       ||    65
       Flail             |    13 |    35 ||    48
Throw: Tomahawk          |     9 |     6 ||    15
  Use: Scroll            |     2 |       ||     2
       Potion            |       |     1 ||     1
  Eat: Ration            |       |     2 ||     2
Armor: Robe              |    21 |     5 ||    26
Dodge: Dodged            |    24 |     6 ||    30
Block: Shield            |    27 |     7 ||    34
